 Dungeon Crawl Stone Soup version 0.31.0-11-ge490571c62 (webtiles) character file.

Game seed: 17423362379411877665

19 qw the Shooter (level 2, -2/16 HPs)
             Began as a Deep Elf Hunter on Feb 3, 2024.
             Slain by a gnoll
             ... wielding a +0 halberd
              (6 damage)
             ... on level 2 of the Dungeon.
             The game lasted 00:00:02 (598 turns).

qw the Shooter (Deep Elf Hunter)                     Turns: 598, Time: 00:00:03

Health: -2/16      AC:  5    Str:  8    XL:     2   Next: 55%
Magic:  4/4        EV: 15    Int: 13    God:
Gold:   22         SH:  0    Dex: 18    Spells: 1/1 levels left

rFire   . . .        a - +1 shortbow
rCold   . . .        (shield currently unavailable)
rNeg    . . .        g - +0 ring mail
rPois   +            (no helmet)
rElec   .            (no cloak)
rCorr   .            (no gloves)
SInv    .            (no boots)
Will    .....        (no amulet)
Stlth   +            f - +5 ring of evasion
HPRegen 0.22/turn    i - ring of poison resistance
MPRegen 0.09/turn

%: no passive effects
@: no status effects
A: no striking features
a: no special abilities


You were on level 2 of the Dungeon.
You visited 1 branch of the dungeon, and saw 2 of its levels.

You collected 22 gold pieces.


   Skills:
 - Level 1.5 Fighting
 + Level 6.3 Ranged Weapons
 - Level 2.4 Dodging
 - Level 1.2 Stealth


You had one spell level left.
You didn't know any spells.
Your spell library was empty.

Inventory:

Hand Weapons
 a - a +1 shortbow (weapon)
Armour
 g - a +0 ring mail (worn)
Jewellery
 f - a +5 ring of evasion (left hand)
 i - a ring of poison resistance (right hand)
Potions
 e - a potion of mutation {unknown}

Dungeon Overview and Level Annotations

Branches:
Dungeon (2/15)

Altars:


Message History

You see here a +0 dagger.
Found an escape hatch in the floor.
A bat comes into view.
You shoot an arrow. The arrow hits the bat!
You kill the bat! 3 gnolls come into view.
The gnoll shouts! x2; You hear a shout!
The gnoll moves out of view.
You shoot an arrow. The arrow hits the gnoll.
The gnoll is lightly wounded.
A gnoll comes into view. It is wielding a +0 spear.
586 ||| RETREEEEATING.
You shoot an arrow. The arrow barely misses the gnoll.
The arrow closely misses the gnoll.
588 ||| RETREEEEATING.
589 ||| RETREEEEATING.
590 ||| RETREEEEATING.
591 ||| RETREEEEATING.
A kobold comes into view. It is wielding a +0 whip.
592 ||| RETREEEEATING.
593 ||| RETREEEEATING.
You shoot an arrow. The arrow barely misses the kobold.
The kobold throws a stone.
The stone closely misses you.
You shoot an arrow. The arrow hits the gnoll.
The gnoll is heavily wounded.
The kobold throws a stone.
The stone closely misses you. The gnoll closely misses you.
You shoot an arrow.
The arrow hits the gnoll but does no damage.
The gnoll is heavily wounded.
The gnoll misses you.
You shoot an arrow. The arrow hits the gnoll.
The gnoll is severely wounded.
The gnoll hits you from afar with a +0 halberd!
Ouch! That really hurt!
The kobold misses you.
You shoot an arrow. The arrow hits the kobold.
You kill the kobold!
The gnoll hits you from afar with a +0 halberd.
You die...

#.......g.# #.g.#
#.gg#
#####...##### #
#...........##.#
.........gg....#
#..#######gg##....
##. #)## . # #@#
#.# #.# #.#
#####.# #.....####
####.###.##
####.##.#.##
#.>....###.#


You could see 4 gnolls.

Vanquished Creatures
  2 endoplasms (D:1)
  A giant cockroach (D:1)
  4 goblins (D:1)
  2 hobgoblins (D:1)
  2 kobolds
  2 ball pythons (D:1)
  3 bats
  3 frilled lizards
19 creatures vanquished.

Notes
Turn   | Place    | Note
-------+----------+-------------------------------------------
     0 | D:1      | qw the Deep Elf Hunter began the quest for the Orb.
     0 | D:1      | Reached XP level 1. HP: 12/12 MP: 3/3
     0 | D:1      | 0 ||| qw: Version: 0.3-a-157-g843a77d
     0 | D:1      | 0 ||| qw: Game counter: 3999
     0 | D:1      | 0 ||| qw: Melee chars always use a shield: true
     0 | D:1      | 0 ||| qw: God list: Okawaru
     0 | D:1      | 0 ||| qw: Allow faded altars: false
     0 | D:1      | 0 ||| qw: Do Orc after clearing Dungeon:15 true
     0 | D:1      | 0 ||| qw: Do second Lair branch before Depths: true
     0 | D:1      | 0 ||| qw: Lair rune preference: random
     0 | D:1      | 0 ||| qw: Goals: Normal
     0 | D:1      | 0 ||| PLANNING D:1-11
    84 | D:1      | Reached XP level 2. HP: 16/16 MP: 4/4
   133 | D:1      | Reached skill level 6 in Ranged Weapons
   402 | D:1      | 402 ||| UPGRADING to +0 ring mail.
   412 | D:1      | 412 ||| DROPPING +0 leather armour.
   413 | D:1      | 413 ||| UPGRADING to +5 ring of evasion.
   414 | D:1      | 414 ||| UPGRADING to ring of poison resistance.
   415 | D:1      | 415 ||| READING scroll labelled BAEKISK HORPHIN.
   416 | D:1      | 416 ||| READING scroll labelled SOJACSUOSIG.
   416 | D:1      | 416 ||| ENCHANTING +0 shortbow.
   417 | D:1      | 417 ||| READING scroll labelled ARPHIY GAMO.
   418 | D:1      | 418 ||| READING scroll labelled ZEINET ELITHRES.
   519 | D:1      | 519 ||| DROPPING scroll of butterflies.
   586 | D:2      | 586 ||| RETREEEEATING.
   588 | D:2      | 588 ||| RETREEEEATING.
   589 | D:2      | 589 ||| RETREEEEATING.
   590 | D:2      | 590 ||| RETREEEEATING.
   591 | D:2      | 591 ||| RETREEEEATING.
   592 | D:2      | 592 ||| RETREEEEATING.
   593 | D:2      | 593 ||| RETREEEEATING.
   597 | D:2      | HP: 4/16 [gnoll/+0 halberd (12)]
   598 | D:2      | Slain by a gnoll

Levels and vault maps discovered:
D:1:      wheals_arrival_shading, layout_rooms, minmay_fountain_box
D:2:      layout_loops_cross, kennysheep_generic_room_12, uniq_sigmund,
          uniq_jessica

Skill      XL: |  1  2 |
---------------+-------+-----
Ranged Weapons | 6 |  6.3
Fighting       | |  1.5
Dodging        | |  2.4
Stealth        | |  1.2

Action                     || total
---------------------------++-------
   Fire: Shortbow          ||    53
    Use: Scroll            ||     4
 Armour: Leather armour    ||     6
         Ring mail         ||     2
  Dodge: Dodged            ||    14

Table legend:
 A = Non-vault XP
 B = Vault XP
 C = Vault XP percentage of total XP
 D = Non-vault monster count
 E = Vault monster count
 F = Vault count percentage of total count
                 A         B        C        D         E       F
            +---------+---------+-------+---------+---------+-------
      Total |      29 |       0 |   0.0 |      19 |       0 |   0.0
            +---------+---------+-------+---------+---------+-------
        D:1 |      26 |       0 |   0.0 |      16 |       0 |   0.0
        D:2 |       3 |       0 |   0.0 |       3 |       0 |   0.0
            +---------+---------+-------+---------+---------+-------
